 Dungeon Crawl Stone Soup version 0.20.1-1-g8b1a95d (webtiles) character file.

81 equalderp2856 the Covered (level 4, 0/35 HPs)
             Began as a Human Fighter on Sept 6, 2017.
             Slain by a bat (1 damage)
             ... on level 3 of the Dungeon.
             The game lasted 00:04:24 (2659 turns).

equalderp2856 the Covered (Human Fighter)           Turns: 2659, Time: 00:04:24

Health: 0/35       AC:  6    Str: 14    XL:     4   Next: 67%
Magic:  4/4        EV: 12    Int: 10    God:
Gold:   80         SH:  9    Dex: 17    Spells: 3/3 levels left

rFire    . . .     SeeInvis .     - Unarmed
rCold    . . .     Gourm    .   c - +0 shield
rNeg     . . .     Faith    .   b - +0 scale mail
rPois    .         Spirit   .   (helmet restricted)
rElec    .         Reflect  .   (no cloak)
rCorr    .         Harm     .   (no gloves)
MR       .....                  (no boots)
Stlth    +.........             (no amulet)
Regen    0.2/turn               (no ring)
MPRegen  0.1/turn               (no ring)

@: agile, berserk cooldown, slowed, very slow
A: antennae 1, blurry vision 1, deterioration 1, weak 1
a: no special abilities


You were on level 3 of the Dungeon.
You were very hungry.

You visited 1 branch of the dungeon, and saw 3 of its levels.

You collected 80 gold pieces.

Inventory:

Armour
 b - a +0 scale mail (worn)
 c - a +0 shield (worn)
Scrolls
 a - 4 scrolls of enchant armour {unknown}
 e - a scroll of enchant weapon {unknown}
 h - a scroll of immolation {unknown}
 i - a scroll of noise {unknown}
 j - 5 scrolls of identify {unknown}
 k - a scroll of blinking {unknown}
 n - 3 scrolls of teleportation {unknown}
 o - a scroll of remove curse {unknown}
 q - a scroll of random uselessness {unknown}
 s - a scroll of recharging {unknown}
Potions
 d - a potion of might
 g - 3 potions of berserk rage
 m - a potion of mutation
 p - a potion of lignification {unknown}
Books
 r - a book of Maledictions

   Spells                             Type                      Level
   a - Corona                         Hexes                        1
   b - Ensorcelled Hibernation        Hexes/Ice                    2
   c - Confuse                        Hexes                        3
   d - Tukima's Dance                 Hexes                        3
   e - Dazzling Spray                 Conjuration/Hexes            3
Comestibles
 f - a bread ration


   Skills:
 + Level 3.3 Fighting
   Level 2.0 Axes
 + Level 3.6 Armour
 + Level 0.4 Dodging
 + Level 3.3 Shields
 + Level 2.3 Unarmed Combat


You had 3 spell levels left.
You didn't know any spells.

Dungeon Overview and Level Annotations

Branches:
Dungeon (3/15)

Altars:


Innate Abilities, Weirdness & Mutations

You have a pair of small antennae on your head.
Scrolls take you a little longer to read.
Your body sometimes deteriorates upon taking damage.
You are weak. (Str -2)


Message History

You hit the giant cockroach.
You kill the giant cockroach!
You punch the bat!
You kill the bat!
The bat hits you but does no damage.
You feel a strong urge to attack something.
You are no longer berserk.
You are exhausted.
You feel yourself slow down. The bat hits you but does no damage.
It was a potion of mutation.
You feel extremely strange.
Your vision blurs.
You feel yourself wasting away.
You feel weaker. A pair of antennae grows on your head!
You block the bat's attack. The bat hits you.
* * * LOW HITPOINT WARNING * * *
You block the bat's attack. The bat hits you.
* * * LOW HITPOINT WARNING * * *
It was a potion of agility.
You feel agile all of a sudden. The bat hits you.
You die...

.....#.........
..##..........# .#..#
..............####.#..#
.o###.........##....%.#
.....#........##......
.##o..$.......#.....#
....................#
.##.##!..........b..#
......#...#.####@...#
............# #b...#
#...........####....#
...........oo..o....#
...<.........###....#
##.........#.# ######
#....#......#
#.#..###....#
#........#..#


You could see an orc and 2 bats.

Vanquished Creatures
  An ooze (D:1)
  2 worms (D:2)
  A dart slug (D:3)
  A leopard gecko (D:3)
  5 bats
  5 giant cockroaches
  10 goblins
  10 hobgoblins
  3 jackals (D:3)
  8 kobolds
  A quokka (D:2)
  A ball python (D:2)
  3 frilled lizards
  9 rats
60 creatures vanquished.

Notes
Turn   | Place    | Note
-------+----------+-------------------------------------------
     0 | D:1      | equalderp2856 the Human Fighter began the quest for the Orb.
     0 | D:1      | Reached XP level 1. HP: 18/18 MP: 1/1
   172 | D:1      | Reached XP level 2. HP: 8/24 MP: 2/2
   645 | D:1      | Reached skill level 1 in Unarmed Combat
   656 | D:1      | Reached XP level 3. HP: 14/29 MP: 3/3
  1851 | D:2      | Reached XP level 4. HP: 25/35 MP: 4/4
  2658 | D:3      | Gained mutation: Scrolls take you a little longer to read. [potion of mutation]
  2658 | D:3      | Gained mutation: Your body sometimes deteriorates upon taking damage. [potion of mutation]
  2658 | D:3      | Gained mutation: You are weak. (Str -2) [potion of mutation]
  2658 | D:3      | Gained mutation: You have a pair of small antennae on your head. [potion of mutation]
  2658 | D:3      | HP: 1/35 [bat (1)]
  2659 | D:3      | Slain by a bat

Skill      XL: |  1  2  3  4 |
---------------+-------------+-----
Unarmed Combat | 1 2 |  2.3
Fighting       | |  3.3
Axes           | |  2.0
Armour         | |  3.6
Dodging        | |  0.4
Shields        | |  3.3

Action                   |  1- 3 |  4- 6 || total
-------------------------+-------+-------++-------
Melee: Unarmed           |   290 |   141 ||   431
  Use: Potion            |       |     3 ||     3
  Eat: Chunk             |     3 |     2 ||     5
Armor: Scale mail        |   106 |    93 ||   199
Dodge: Dodged            |    58 |    70 ||   128
Block: Shield            |   119 |    91 ||   210
